SNL (28 & UNDER)
MEMPHIS BLUES @ WEST VIRGINIA POWER
07/29/2027
 
TOP OF THE 1ST
Memphis Blues batting - Pitching for West Virginia Power : RHP Horace Jacobs
Pitching: RHP Horace Jacobs
Batting: RHB Peyton Pennington 0-0: Bunt for hit - play at first, batter OUT! 1-3
Batting: RHB Jaime Spiridon 0-0: Ball
1-0: Ball
2-0: SINGLE (Flyball, 4D)
Batting: RHB Glenn Melican 0-0: Ball
1-0: Foul Ball, location: 2F
1-1: Ball
2-1: Foul Ball, location: 2F
2-2: Ball
3-2: Strikes out looking
Jaime Spiridon is caught stealing 2nd base
Batter strikes out.
Top of the 1st over - 0 run(s), 1 hit(s), 0 error(s), 0 left on base; Memphis 0 - West Virginia 0
BOTTOM OF THE 1ST
West Virginia Power batting - Pitching for Memphis Blues : RHP Lloyd Harmon
Pitching: RHP Lloyd Harmon
Batting: LHB Júlio Martínez 0-0: SINGLE (Line Drive, 78S)
Batting: RHB Brett Bell 0-0: Ball
1-0: SINGLE (Line Drive, 89M)
Júlio Martínez to second
Throwing error, E9
Júlio Martínez scores
Brett Bell to second
Batting: RHB Dave McGrath 0-0: Ground out U3 (Groundball, 34S)
Brett Bell to third
Batting: RHB Tony Parker 0-0: Ball
1-0: Foul Ball, location: 2F
1-1: Swinging Strike
1-2: Ball
2-2: Ball
3-2: Foul Ball, location: 2F
3-2: Base on Balls
Batting: LHB Héctor Soto 0-0: Ball
1-0: Ball
2-0: Called Strike
2-1: Called Strike
Tony Parker steals 2nd base
2-2: Foul Ball, location: 2F
2-2: Foul Ball, location: 2F
2-2: Ball
3-2: Base on Balls
Batting: RHB Aaron Murray 0-0: Called Strike
0-1: Ball
1-1: Ball
2-1: Ball
3-1: Base on Balls
Brett Bell scores
Tony Parker to third
Héctor Soto to second
Batting: RHB Jesse McKnight 0-0: Called Strike
0-1: Ball
1-1: Ball
2-1: Foul Ball, location: 2F
2-2: Ball
3-2: Base on Balls
Tony Parker scores
Héctor Soto to third
Aaron Murray to second
Batting: SHB Waylon Adams 0-0: Ball
1-0: Ball
2-0: Fly out, F8 (Flyball, 8RD)
Runner from 3rd tags up, SCORES, no throw
Batting: SHB Clint Woods 0-0: Ball
1-0: Ball
2-0: Called Strike
2-1: Swinging Strike
2-2: Ball
3-2: Base on Balls
Aaron Murray to third
Jesse McKnight to second
Batting: LHB Júlio Martínez 0-0: Foul Ball, location: 2F
0-1: Ball
1-1: Ball
Balk!
Aaron Murray scores
Jesse McKnight to third
Clint Woods to second
2-1: Ball
3-1: Base on Balls
Batting: RHB Brett Bell 0-0: Ball
1-0: Ball
2-0: Ball
3-0: Base on Balls
Jesse McKnight scores
Clint Woods to third
Júlio Martínez to second
Batting: RHB Dave McGrath 0-0: Ball
1-0: Called Strike
1-1: Ball
2-1: Foul Ball, location: 2F
2-2: Ball
3-2: Foul Ball, location: 2F
3-2: Foul Ball, location: 2F
3-2: Foul Ball, location: 2F
3-2: Base on Balls
Clint Woods scores
Júlio Martínez to third
Brett Bell to second
Pitching: RHP Juan Martínez
Batting: RHB Tony Parker 0-0: Called Strike
0-1: Foul Ball, location: 2F
0-2: Ball
1-2: GRAND SLAM HOME RUN (Flyball, 89D), Distance : 427 ft
Batting: LHB Héctor Soto 0-0: Called Strike
0-1: Ball
1-1: Ball
2-1: Ball
3-1: Base on Balls
Batting: RHB Aaron Murray 0-0: Ball
1-0: Fielders Choice at 2nd, 6-4 (Groundball, 56)
Bottom of the 1st over - 11 run(s), 3 hit(s), 1 error(s), 0 left on base; Memphis 0 - West Virginia 11
TOP OF THE 2ND
Memphis Blues batting - Pitching for West Virginia Power : RHP Horace Jacobs
Batting: LHB Alan McGilroy 0-0: Ball
1-0: SINGLE (Groundball, 4MD)
Batting: RHB Artie Green 0-0: Ball
1-0: Called Strike
1-1: Fielders Choice at 2nd, 5-4 (Groundball, 56)
Batting: LHB Mark Folger 0-0: Called Strike
0-1: Ground out 5-3 (Groundball, 25)
Artie Green to second
Batting: LHB John Foster 0-0: Ball
1-0: Ball
2-0: Ball
3-0: Called Strike
3-1: Foul Ball, location: 2F
3-2: SINGLE (Groundball, 4D)
Artie Green to third
Artie Green scores
Batting: RHB Chase Mueller 0-0: Called Strike
0-1: SINGLE (Line Drive, 89S)
John Foster to second
Batting: RHB David Crespo 0-0: Foul Ball, location: 2F
0-1: Fielders Choice at 2nd, 6-4 (Groundball, 6)
Top of the 2nd over - 1 run(s), 3 hit(s), 0 error(s), 1 left on base; Memphis 1 - West Virginia 11
BOTTOM OF THE 2ND
West Virginia Power batting - Pitching for Memphis Blues : RHP Juan Martínez
Batting: RHB Jesse McKnight 0-0: Ball
1-0: Ball
2-0: Called Strike
2-1: Foul Ball, location: 2F
2-2: Ball
3-2: Base on Balls
Batting: SHB Waylon Adams 0-0: Fly out, F6 (Flyball, 6D)
Batting: SHB Clint Woods 0-0: Called Strike
0-1: Ball
1-1: Called Strike
Pickoff Throw by Catcher to First - Error! E2
Jesse McKnight to second
1-2: Ball
2-2: DOUBLE (Flyball, 9LD)
Jesse McKnight scores
Batting: LHB Júlio Martínez 0-0: Ball
1-0: Foul Ball, location: 2F
1-1: Ball
2-1: Foul Ball, location: 2F
2-2: Ground out 4-3 (Groundball, 34)
Clint Woods to third
Batting: RHB Brett Bell 0-0: Ball
1-0: Fly out, F9 (Flyball, 9LS)
Bottom of the 2nd over - 1 run(s), 1 hit(s), 1 error(s), 1 left on base; Memphis 1 - West Virginia 12
TOP OF THE 3RD
Memphis Blues batting - Pitching for West Virginia Power : RHP Horace Jacobs
Batting: RHB Peyton Pennington 0-0: Ball
1-0: Ball
2-0: Ball
3-0: Base on Balls
Batting: RHB Jaime Spiridon 0-0: Ball
Peyton Pennington steals 2nd base
1-0: Foul Ball, location: 2F
1-1: Called Strike
1-2: Strikes out looking
Batting: RHB Glenn Melican 0-0: Ball
1-0: Ball
Peyton Pennington steals 3rd base
2-0: Ball
3-0: Base on Balls
Batting: LHB Alan McGilroy 0-0: Called Strike
0-1: Foul Ball, location: 2F
0-2: Fly out, F4 (Line Drive, 4M)
Batting: RHB Artie Green 0-0: Foul Ball, location: 2F
0-1: Ball
1-1: Ball
2-1: Foul Ball, location: 2F
2-2: SINGLE (Groundball, 34) (infield hit)
Peyton Pennington scores
Glenn Melican to second
Batting: LHB Mark Folger 0-0: Ball
1-0: Foul Ball, location: 2F
1-1: SINGLE (Groundball, 34D)
Glenn Melican to third
Artie Green to second
Runner from 3rd tries for Home, SAFE, no throw
Batting: LHB John Foster 0-0: Fly out, F4 (Line Drive, 4M)
Top of the 3rd over - 2 run(s), 2 hit(s), 0 error(s), 2 left on base; Memphis 3 - West Virginia 12
BOTTOM OF THE 3RD
West Virginia Power batting - Pitching for Memphis Blues : RHP Juan Martínez
Batting: RHB Dave McGrath 0-0: Called Strike
0-1: Ground out 5-3 (Groundball, 56)
Batting: RHB Tony Parker 0-0: Ball
1-0: Fly out, F8 (Flyball, 8RM)
Batting: LHB Héctor Soto 0-0: Ball
1-0: Ball
2-0: Ground out 1-3 (Groundball, 13S)
Bottom of the 3rd over - 0 run(s), 0 hit(s), 0 error(s), 0 left on base; Memphis 3 - West Virginia 12
TOP OF THE 4TH
Memphis Blues batting - Pitching for West Virginia Power : RHP Horace Jacobs
Batting: RHB Chase Mueller 0-0: Swinging Strike
0-1: Swinging Strike
0-2: Strikes out swinging
Batting: RHB David Crespo 0-0: Ball
1-0: Ball
2-0: Called Strike
2-1: Foul Ball, location: 2F
2-2: Foul Ball, location: 2F
2-2: Strikes out looking
Batting: RHB Peyton Pennington 0-0: Called Strike
0-1: Swinging Strike
0-2: Strikes out looking
Top of the 4th over - 0 run(s), 0 hit(s), 0 error(s), 0 left on base; Memphis 3 - West Virginia 12
BOTTOM OF THE 4TH
West Virginia Power batting - Pitching for Memphis Blues : RHP Juan Martínez
Batting: RHB Aaron Murray 0-0: Called Strike
0-1: Ball
1-1: Ball
2-1: Ball
3-1: Base on Balls
Batting: RHB Jesse McKnight 0-0: Called Strike
0-1: Ball
1-1: Ball
2-1: Foul Ball, location: 2F
2-2: Foul Ball, location: 2F
2-2: DOUBLE (Line Drive, 9D)
Aaron Murray to third
Batting: SHB Waylon Adams 0-0: Ball
1-0: Ball
2-0: Ball
3-0: Base on Balls
Pitching: RHP David Bates
Batting: SHB Clint Woods 0-0: Foul Ball, location: 2F
0-1: Swinging Strike
0-2: Foul Ball, location: 2F
0-2: Foul Ball, location: 2F
0-2: Ball
1-2: Ball
2-2: Foul Ball, location: 2F
2-2: Foul Ball, location: 2F
2-2: Foul Ball, location: 2F
2-2: Ball
3-2: Fielders Choice at 2nd, 3-6 (Groundball, 34)
Aaron Murray scores
Jesse McKnight to third
Batting: LHB Júlio Martínez 0-0: Grounds into double play, 6-4-3 (Groundball, 6)
Bottom of the 4th over - 1 run(s), 1 hit(s), 0 error(s), 1 left on base; Memphis 3 - West Virginia 13
TOP OF THE 5TH
Memphis Blues batting - Pitching for West Virginia Power : RHP Horace Jacobs
Batting: RHB Jaime Spiridon 0-0: Foul Ball, location: 2F
0-1: Ball
1-1: Foul Ball, location: 2F
1-2: Ball
2-2: Strikes out swinging
Batting: RHB Glenn Melican 0-0: Ball
1-0: SINGLE (Line Drive, 6M)
Batting: LHB Alan McGilroy 0-0: Ball
1-0: Ball
2-0: Called Strike
2-1: Fly out, F9 (Flyball, 9LD)
Batting: RHB Artie Green 0-0: Ball
1-0: Foul Ball, location: 2F
1-1: Fly out, F8 (Flyball, 78M)
Top of the 5th over - 0 run(s), 1 hit(s), 0 error(s), 1 left on base; Memphis 3 - West Virginia 13
BOTTOM OF THE 5TH
West Virginia Power batting - Pitching for Memphis Blues : RHP David Bates
Batting: RHB Brett Bell 0-0: Fly out, F7 (Flyball, 7)
Batting: RHB Dave McGrath 0-0: Ball
1-0: Ball
2-0: Swinging Strike
2-1: Fly out, F9 (Flyball, 9)
Batting: RHB Tony Parker 0-0: Ball
1-0: Foul Ball, location: 2F
1-1: Ball
2-1: Ground out 6-3 (Groundball, 6)
Bottom of the 5th over - 0 run(s), 0 hit(s), 0 error(s), 0 left on base; Memphis 3 - West Virginia 13
TOP OF THE 6TH
Memphis Blues batting - Pitching for West Virginia Power : RHP Horace Jacobs
Batting: LHB Mark Folger 0-0: Ball
1-0: Foul Ball, location: 2F
1-1: Ball
2-1: Fly out, F7 (Flyball, 7LS)
Batting: LHB John Foster 0-0: Swinging Strike
0-1: Fly out, F8 (Flyball, 8RXD)
Batting: RHB Chase Mueller 0-0: Foul Ball, location: 2F
0-1: Swinging Strike
0-2: Ball
1-2: Foul Ball, location: 2F
1-2: Strikes out swinging
Top of the 6th over - 0 run(s), 0 hit(s), 0 error(s), 0 left on base; Memphis 3 - West Virginia 13
BOTTOM OF THE 6TH
West Virginia Power batting - Pitching for Memphis Blues : RHP David Bates
Batting: LHB Héctor Soto 0-0: Called Strike
0-1: Ball
1-1: Foul Ball, location: 2F
1-2: Ball
2-2: Ball
3-2: Fly out, F7 (Flyball, 7LM)
Batting: RHB Aaron Murray 0-0: Ball
1-0: Foul Ball, location: 2F
1-1: Ball
2-1: Ball
3-1: Foul Ball, location: 2F
3-2: Foul Ball, location: 2F
3-2: Strikes out swinging
Batting: RHB Jesse McKnight 0-0: Ball
1-0: Ball
2-0: Reached on error, E1 (Groundball, P)
Batting: SHB Waylon Adams 0-0: Ball
1-0: Ball
2-0: Foul Ball, location: 2F
2-1: Ball
Wild Pitch!
Jesse McKnight to third
3-1: Called Strike
3-2: Foul Ball, location: 2F
3-2: Foul Ball, location: 2F
3-2: Base on Balls
Batting: SHB Clint Woods 0-0: Called Strike
0-1: Foul Ball, location: 2F
0-2: Ball
1-2: Ball
2-2: DOUBLE (Flyball, 7D)
Jesse McKnight scores
Waylon Adams to third
Runner from 3rd tries for Home, throw and OUT!
Bottom of the 6th over - 1 run(s), 1 hit(s), 1 error(s), 1 left on base; Memphis 3 - West Virginia 14
TOP OF THE 7TH
Memphis Blues batting - Pitching for West Virginia Power : RHP Horace Jacobs
Batting: RHB David Crespo 0-0: Ball
1-0: Foul Ball, location: 2F
1-1: Ball
2-1: Foul Ball, location: 2F
2-2: Foul Ball, location: 2F
2-2: Ball
3-2: Base on Balls
Pitching: RHP Brad Flores
Batting: RHB Peyton Pennington 0-0: Ball
1-0: SINGLE (Groundball, 4MD)
David Crespo to second
Runner from 2nd tries for 3rd, SAFE, throw made to third
Peyton Pennington to second
Batting: RHB Jaime Spiridon 0-0: SINGLE (Flyball, 78S)
David Crespo scores
Peyton Pennington to third
Batting: RHB Glenn Melican 0-0: Called Strike
0-1: Swinging Strike
0-2: 3-RUN HOME RUN (Line Drive, 89XD), Distance : 419 ft
Batting: LHB Alan McGilroy 0-0: Ball
1-0: Ball
2-0: DOUBLE (Line Drive, 9D)
Batting: RHB Artie Green 0-0: Called Strike
0-1: Ball
1-1: Called Strike
1-2: Strikes out looking
Batting: LHB Mark Folger 0-0: Ball
1-0: Ball
2-0: Ball
3-0: Base on Balls
Batting: LHB John Foster 0-0: Ball
1-0: Grounds into double play, 4-6-3 (Groundball, 4)
Top of the 7th over - 4 run(s), 4 hit(s), 0 error(s), 1 left on base; Memphis 7 - West Virginia 14
BOTTOM OF THE 7TH
West Virginia Power batting - Pitching for Memphis Blues : RHP David Bates
Pitching: RHP Larry West
Batting: LHB Júlio Martínez 0-0: Ball
1-0: Ball
2-0: Ground out 6-3 (Groundball, 6)
Batting: RHB Brett Bell 0-0: Ball
1-0: Ball
2-0: Called Strike
2-1: Ball
3-1: Swinging Strike
3-2: Strikes out swinging
Batting: RHB Dave McGrath 0-0: Ball
1-0: Called Strike
1-1: Called Strike
1-2: Ball
2-2: Ball
3-2: Base on Balls
Batting: RHB Tony Parker 0-0: Ball
1-0: Foul Ball, location: 2F
1-1: Ball
2-1: Ball
3-1: Base on Balls
Dave McGrath to second
Batting: LHB Héctor Soto 0-0: Ball
1-0: Ball
2-0: Called Strike
2-1: Ball
3-1: Base on Balls
Dave McGrath to third
Tony Parker to second
Batting: RHB Aaron Murray 0-0: Ball
1-0: Ball
2-0: Foul Ball, location: 2F
2-1: SINGLE (Line Drive, 56D)
Dave McGrath scores
Tony Parker to third
Héctor Soto to second
Runner from 3rd tries for Home, SAFE, no throw
Batting: RHB Jesse McKnight 0-0: Ball
1-0: Ball
2-0: Called Strike
2-1: Ball
3-1: Called Strike
3-2: Foul Ball, location: 2F
3-2: Ground out 3-1 (Groundball, 34)
Bottom of the 7th over - 2 run(s), 1 hit(s), 0 error(s), 2 left on base; Memphis 7 - West Virginia 16
TOP OF THE 8TH
Memphis Blues batting - Pitching for West Virginia Power : RHP Brad Flores
Now at 3B: Ron Guillén
Batting: RHB Chase Mueller 0-0: Called Strike
0-1: Ball
1-1: Foul Ball, location: 2F
1-2: SINGLE (Flyball, 89S)
Batting: RHB David Crespo 0-0: Called Strike
0-1: Swinging Strike
0-2: Strikes out swinging
Batting: RHB Peyton Pennington 0-0: Ball
1-0: Ball
2-0: Called Strike
2-1: Foul Ball, location: 2F
2-2: Ball
Pickoff Throw by Catcher to First - Error! E2
Chase Mueller to second
3-2: SINGLE (Groundball, 6MD)
Chase Mueller to third
Runner from 3rd tries for Home, SAFE, no throw
Pitching: RHP Steve Snyder
Pinch Hitting: RHB Dave Wookey 0-0: Ball
1-0: Called Strike
1-1: Swinging Strike
1-2: Foul Ball, location: 2F
1-2: Grounds into double play, 5-4-3 (Groundball, 56)
Top of the 8th over - 1 run(s), 2 hit(s), 1 error(s), 0 left on base; Memphis 8 - West Virginia 16
BOTTOM OF THE 8TH
West Virginia Power batting - Pitching for Memphis Blues : RHP Larry West
Now at 3B: Jorge Domínguez
Batting: SHB Waylon Adams 0-0: Ball
1-0: Ball
2-0: Called Strike
2-1: Ball
3-1: Called Strike
3-2: Base on Balls
Batting: SHB Clint Woods 0-0: Called Strike
0-1: Ball
1-1: SINGLE (Line Drive, 7S)
Waylon Adams to second
Pitching: RHP Dustin Taylor
Batting: LHB Júlio Martínez 0-0: Called Strike
0-1: Ball
1-1: SINGLE (Groundball, 23) (infield hit)
Waylon Adams to third
Clint Woods to second
Batting: RHB Brett Bell 0-0: Ball
1-0: Ball
2-0: Foul Ball, location: 2F
2-1: Ball
3-1: Fly out, F7 (Flyball, 7LS)
Runner from 3rd tags up, SCORES, no throw
Batting: RHB Dave McGrath 0-0: Ball
Wild Pitch!
Clint Woods to third
Júlio Martínez to second
1-0: Fly out, F8 (Flyball, 8LM)
Runner from 3rd tags up, SCORES, throw made
Batting: RHB Ron Guillén 0-0: Ball
1-0: Ball
2-0: Ball
3-0: Swinging Strike
3-1: Base on Balls
Batting: LHB Héctor Soto 0-0: Ball
1-0: Ball
2-0: Foul Ball, location: 2F
2-1: Foul Ball, location: 2F
2-2: Fly out, F8 (Flyball, 8LXD)
Bottom of the 8th over - 2 run(s), 2 hit(s), 0 error(s), 2 left on base; Memphis 8 - West Virginia 18
TOP OF THE 9TH
Memphis Blues batting - Pitching for West Virginia Power : RHP Steve Snyder
Pinch Hitting: RHB José Velázquez 0-0: Single, Error in OF, E8, batter to second base
Batting: LHB Alan McGilroy 0-0: Ball
1-0: Foul Ball, location: 2F
1-1: DOUBLE (Flyball, 9LM)
José Velázquez scores
Batting: RHB Artie Green 0-0: Called Strike
0-1: Swinging Strike
0-2: Strikes out looking
Batting: LHB Mark Folger 0-0: Ball
1-0: Swinging Strike
1-1: Swinging Strike
1-2: Strikes out swinging
Batting: LHB John Foster 0-0: Ball
1-0: Called Strike
1-1: Foul Ball, location: 2F
1-2: Strikes out looking
Top of the 9th over - 1 run(s), 2 hit(s), 1 error(s), 1 left on base; Memphis 9 - West Virginia 18
Thursday, March 30th, 2017 - OOTP Baseball 17.12 Build 75